 Dungeon Crawl Stone Soup version 0.20.0-15-g7f486f2 (webtiles) character file.

51 Gargoyl the Skirmisher (level 3, -3/33 HPs)
             Began as a Draconian Abyssal Knight on June 14, 2017.
             Was a Follower of Lugonu.
             Slain by Natasha (5 damage)
             ... on level 2 of the Dungeon.
             The game lasted 00:02:31 (1666 turns).

Gargoyl the Skirmisher (Draconian Abyssal Knight)   Turns: 1666, Time: 00:02:31

Health: -3/33      AC:  7    Str: 14    XL:     3   Next: 57%
Magic:  4/4        EV: 12    Int: 12    God:    Lugonu [*.....]
Gold:   91         SH:  0    Dex: 11    Spells: 2/2 levels left

rFire    + . .     SeeInvis .   a - +1 hand axe
rCold    + . .     Gourm    .   (no shield)
rNeg     . . .     Faith    .   (armour unavailable)
rPois    +         Spirit   .   (helmet restricted)
rElec    +         Reflect  .   (no cloak)
rCorr    +         Harm     .   d - +1 pair of gloves
MR       .....                  (no boots)
Stlth    +.........             (no amulet)
Regen    0.2/turn               (no ring)
MPRegen  0.1/turn               (no ring)

@: resistant, slowed, very slow
A: unfitting armour, cold-blooded, AC +5
a: Depart the Abyss, Renounce Religion


You were on level 2 of the Dungeon.
You worshipped Lugonu.
Lugonu was aware of your devotion.
You were not hungry.

You visited 1 branch of the dungeon, and saw 2 of its levels.
You visited the Abyss 1 time.

You collected 91 gold pieces.

Inventory:

Hand Weapons
 a - a +1 hand axe (weapon)
Armour
 d - a +1 pair of gloves (worn)
Scrolls
 e - a scroll of remove curse
 h - a scroll of teleportation
Potions
 g - a potion of brilliance {unknown}
Comestibles
 b - 5 bread rations
 i - a royal jelly


   Skills:
 + Level 3.7 Fighting
 + Level 3.1 Axes
 * Level 2.4 Dodging
 * Level 2.4 Invocations


You had 2 spell levels left.
You didn't know any spells.

Dungeon Overview and Level Annotations

Branches:
Dungeon (2/15)

Altars:

Annotations:
D:2 Natasha


Innate Abilities, Weirdness & Mutations

Your plain brown scales are hard. (AC +5)
You cannot fit into any form of body armour.
You are cold-blooded and may be slowed by cold attacks.


Message History

You resist with significant effort.
Natasha mumbles some strange words.
You hit Natasha.
Natasha is lightly wounded.
You hit the iron imp. Natasha closely misses you. The iron imp hits you!
You miss Natasha.
Natasha is lightly wounded.
You hit the iron imp but do no damage. Natasha barely misses you.
The iron imp hits you!
* * * LOW HITPOINT WARNING * * *
Natasha claws you!
* * * LOW HITPOINT WARNING * * *
It was a potion of magic.
Magic courses through your body. Natasha closely misses you.
The iron imp barely misses you.
It was a potion of resistance.
You feel protected.
Natasha mumbles some strange words.
Natasha's front paws start to glow.
Natasha claws you.
You die...

*,* *,***,**
**,,,.......#.## *,*
*,*
*,,***,**#.,,**#...).
*,* *,* *,*,*,,*
#...###...##
*,******,***,*#,#,*
#........(..
*,>,,,,,,,,,,,.#.,*
#######.####
********,***,*#.#**
#####.#### *,* *,*#.#
#......... *,* *,*#h#
#.###..... *,* #,*#@#
#.# ###### *,* #.##5#
#.# *.###....#### #.#
* *...........# #.# *
*##########.# #.# *
#.####.# * #......# #
########


You could see an iron imp and Natasha.

Vanquished Creatures
  An adder (D:2)
  An ooze (D:1)
  A worm (D:2)
  A dart slug (D:1)
  2 leopard geckos (D:1)
  A ball python (D:1)
  2 hobgoblins (D:1)
  6 jackals (D:1)
  6 kobolds
  5 bats
  2 frilled lizards
  A goblin (D:1)
  A rat (D:2)
30 creatures vanquished.

Notes
Turn   | Place    | Note
-------+----------+-------------------------------------------
     0 | Abyss:1  | Gargoyl the Draconian Abyssal Knight began the quest for the Orb.
     0 | Abyss:1  | Reached XP level 1. HP: 19/19 MP: 2/2
    13 | Abyss:1  | Found a corrupted altar of Lugonu.
    83 | Abyss:2  | Noticed a reaper
   104 | Abyss:2  | Noticed a neqoxec
   107 | D:1      | Escaped the Abyss
   357 | D:1      | Reached * piety under Lugonu
   434 | D:1      | Reached XP level 2. HP: 26/26 MP: 3/3
  1055 | D:1      | Reached XP level 3. HP: 30/31 MP: 4/4
  1656 | D:2      | Noticed Natasha
  1664 | D:2      | HP: 1/33 [Natasha (8)]
  1666 | D:2      | Slain by Natasha

Skill      XL: |  1  2  3 |
---------------+----------+-----
Axes           | 3 |  3.1
Fighting       | |  3.7
Dodging        | |  2.4
Invocations    | |  2.4

Action                   || total
-------------------------++-------
Melee: Hand axe          ||    95
       Tailslap          ||     9
Invok: Depart the Abyss  ||     1
  Use: Scroll            ||     6
       Potion            ||     2
 Stab: Sleeping          ||     1
  Eat: Chunk             ||     2
Armor: Skin              ||    33
Dodge: Dodged            ||    81
